 Dungeon Crawl Stone Soup version 0.30-a0-613-gdd512c7efb (webtiles) character file.

Game seed: 16502053372640837516

102 acebull12 the Chopper (level 4, -2/41 HPs)
             Began as a Hill Orc Monk on Jan 9, 2023.
             Shot with an arrow by a centaur (15 damage)
             ... on level 3 of the Dungeon.
             The game lasted 00:06:25 (1955 turns).

acebull12 the Chopper (Hill Orc Monk)               Turns: 1955, Time: 00:06:26

Health: -2/41      AC:  7    Str: 15    XL:     4   Next: 77%
Magic:  1/1        EV: 10    Int: 10    God:
Gold:   80         SH:  0    Dex: 16    Spells: 2/3 levels left

rFire   + . .      SeeInvis .    l - +8 short sword of Xopiv {antimagic, *Noise rF+ rC++ Dex+3}
rCold   + + .      Faith    .    (no shield)
rNeg    . . .      Spirit   .    h - +0 scale mail
rPois   .          Reflect  .    (no helmet)
rElec   .          Harm     .    (no cloak)
rCorr   .          Rampage  .    (no gloves)
Will    .....                    f - +0 pair of boots
Stlth   +                        (no amulet)
HPRegen 0.26/turn                g - ring of flight
MPRegen 0.07/turn                (no ring)

@: flying
A: no striking features
a: no special abilities


You were on level 3 of the Dungeon.
You visited 1 branch of the dungeon, and saw 3 of its levels.

You collected 80 gold pieces.

Inventory:

Hand Weapons
 a - a +0 hand axe
 l - the +8 short sword of Xopiv (weapon) {antimagic, *Noise rF+ rC++ Dex+3}
   (You found it on level 2 of the Dungeon)

   Dex:       It affects your dexterity (+3).
   rF:        It protects you from fire.
   rC:        It greatly protects you from cold.
   *Noise:    It may make noises in combat.
Missiles
 b - 30 stones (quivered)
Armour
 f - a +0 pair of boots (worn)
 h - a +0 scale mail (worn)
Jewellery
 e - an amulet of faith
 g - a ring of flight (left hand)
Scrolls
 d - a scroll of immolation {unknown}
 i - a scroll of identify {unknown}
 k - a scroll of magic mapping {unknown}
 n - a scroll of torment {unknown}
Potions
 c - a potion of ambrosia
 j - 2 potions of heal wounds {unknown}
 m - a potion of curing {unknown}


   Skills:
 * Level 4.3 Fighting
 * Level 5.5 Axes
 * Level 0.8 Armour
 + Level 2.7 Dodging
 + Level 1.9 Stealth
 * Level 0.3 Spellcasting
 * Level 0.2 Earth Magic


You had 2 spell levels left.
You knew the following spells:

 Your Spells              Type           Power      Damage    Failure   Level
a - Sandblast             Erth           0%         2d4       80%         1

Your spell library contained the following spells:

 Spells                   Type           Power      Damage    Failure   Level
 Passwall                 Tmut/Erth      0%         N/A       91%         2
 Cigotuvi's Dreadful Rot  Necr/Pois/Air  0%         N/A       92%         2
 Poisonous Vapours        Pois/Air       0%         N/A       92%         2
 Static Discharge         Conj/Air       0%         2-2/arc   92%         2
 Mephitic Cloud           Conj/Pois/Air  0%         N/A       99%         3
 Stone Arrow              Conj/Erth      0%         3d7       99%         3
 Vhi's Electric Charge    Tloc/Air       0%         N/A       99%         3
 Arcjolt                  Conj/Air       0%         1d10      100%        5
 Lightning Bolt           Conj/Air       0%         1d11      100%        5


Dungeon Overview and Level Annotations

Branches:
Dungeon (3/15)

Altars:

Annotations:
D:3 1 transporter


Message History

The bat completely misses you.
You puncture the bat!
You kill the bat!
No target in view!
No target in view!
n - a scroll labelled RUROLE BYSY You pick up a book of Vapours and begin reading...
You add the spells Poisonous Vapours, Cigotuvi's Dreadful Rot and Mephitic Cloud to your library.
You reach down and open the door.
A bat comes into view.
The bat hits you but does no damage.
You barely miss the bat. The bat hits you but does no damage.
You hit the bat.
The bat is severely wounded.
The bat closely misses you. The bat completely misses you.
A bat is nearby!
You miss the bat.
The bat is severely wounded.
The bat hits you but does no damage. The bat closely misses you.
You miss the bat.
The bat is moderately wounded.
The bat hits you but does no damage. The bat barely misses you.
You puncture the bat!
You kill the bat!
No target in view!
No target in view!
No target in view!
j - 2 coppery potions (gained 1)
The centaur shouts!
The centaur shoots an arrow.
The arrow closely misses you.
The centaur shoots an arrow.
The arrow hits you.
The centaur shoots an arrow.
The arrow hits you!
The centaur shoots an arrow.
The arrow hits you but does no damage.
The centaur shoots an arrow.
The arrow hits you!
Found a chain mail.
The centaur shoots an arrow.
The arrow hits you.
The centaur shoots an arrow.
The arrow hits you!
You die...

#########
###.#.##....
#<.......
[....#......
#########
#..........####
'.............
#c.........#######
#.......<..'.#...#
#..........#.....#
#................#
#.@..............#
#............†...#
#................##
#............#+#...
#########......#...
########...
......... ######...
#...


You could see a centaur.

Vanquished Creatures
  6 gnolls
  3 dart slugs (D:1)
  5 giant cockroaches
  2 goblins (D:1)
  3 hobgoblins
  2 quokkas
  4 ball pythons
  6 bats
  2 frilled lizards (D:1)
  4 kobolds
  6 rats
43 creatures vanquished.

Notes
Turn   | Place    | Note
-------+----------+-------------------------------------------
     0 | D:1      | acebull12 the Hill Orc Monk began the quest for the Orb.
     0 | D:1      | Reached XP level 1. HP: 19/19 MP: 1/1
    28 | D:1      | Found a faded altar of an unknown god.
   118 | D:1      | Reached XP level 2. HP: 26/27 MP: 2/2
   341 | D:1      | Reached XP level 3. HP: 21/33 MP: 3/3
  1038 | D:2      | Learned a level 1 spell: Sandblast
  1218 | D:2      | Reached skill level 5 in Axes
  1268 | D:2      | Reached XP level 4. HP: 28/40 MP: 4/4
  1472 | D:2      | Identified the +8 short sword of Xopiv {antimagic, *Noise
                  | rF+ rC++ Dex+3}
  1823 | D:3      | Noticed a centaur
  1823 | D:3      | Found a transporter.
  1955 | D:3      | Shot with an arrow by a centaur

Illustrated notes

Levels and vault maps discovered:
D:1:      matt_arrival_grand_opening, layout_basic,
          hellmonk_ecumenical_altar_leap_of_faith, minmay_domino_4
D:2:      layout_rooms
D:3:      layout_basic, gammafunk_ghost_arena, minmay_misc_feat_square,
          kennysheep_nondescript, uniq_ijyb

Skill      XL: |  1  2  3 |
---------------+----------+-----
Fighting       | 4 |  4.3
Axes           | 5 |  5.5
Armour         | |  0.8
Dodging        | |  2.7
Stealth        | |  1.9
Spellcasting   | |  0.3
Earth Magic    | |  0.2

Action                   |  1- 3 |  4- 6 || total
-------------------------+-------+-------++-------
Melee: Hand axe          |    98 |     9 ||   107
       Punch             |     1 |       ||     1
       Short sword       |       |    24 ||    24
 Stab: Sleeping          |     3 |       ||     3
Armor: Robe              |    16 |       ||    16
       Scale mail        |    22 |    15 ||    37
Dodge: Dodged            |    58 |    32 ||    90

Table legend: (Time is in decaauts)
 A = Elapsed time spent in this place.
 B = Non-inter-level travel time spent in this place.
 C = Inter-level travel time spent in this place.
 D = Time resting spent in this place.
 E = Time spent auto-exploring this place.
 F = Levels seen in this place.
 G = Mean time per level.
                   A        B        C        D        E       F      G
               +--------+--------+--------+--------+--------+-----+--------+
         Total |   1968 |   1687 |    281 |    145 |   1072 |   3 |  656.0 |
       Dungeon |   1968 |   1687 |    281 |    145 |   1072 |   3 |  656.0 |
               +--------+--------+--------+--------+--------+-----+--------+

Top non-repeatable levels by time:
     D:1: 1189 daAuts
     D:2: 675 daAuts
     D:3: 103 daAuts
